 Dungeon Crawl Stone Soup version 0.18.1-48-g4cf74bf (webtiles) character file.

40 glosham the Skirmisher (level 3, -5/31 HPs)
             Began as a Centaur Earth Elementalist on Sept 2, 2016.
             Slain by a worm (7 damage)
             ... on level 2 of the Dungeon.
             The game lasted 00:10:36 (677 turns).

glosham the Skirmisher (Centaur Earth Elementalist)  Turns: 677, Time: 00:10:37

Health: -5/31      AC:  4    Str: 11    XL:     3   Next: 30%
Magic:  0/5        EV:  9    Int: 18    God:
Gold:   78         SH:  0    Dex:  9    Spells: 2 memorised, 2 levels left

rFire  . . .     SeeInvis .     a - +0 short sword
rCold  . . .     Gourm    .     f - +0 robe
rNeg   . . .     Faith    .     (no shield)
rPois  .         Spirit   .     (no helmet)
rElec  .         Dismiss  .     (no cloak)
rCorr  .         Reflect  .     (no gloves)
SustAt .         Harm     .     (no barding)
MR     .....                    (no amulet)
Stlth  +.........               (no ring)
                                m - +4 ring of intelligence

@: very quick, not resistant to hostile enchantments, very unstealthy
A: hooves 3, deformed body, speed 2, tough skin 3
a: no special abilities


You were on level 2 of the Dungeon.
You were not hungry.

You visited 1 branch of the dungeon, and saw 2 of its levels.

You collected 78 gold pieces.

Inventory:

Hand Weapons
 a - a +0 short sword (weapon)
Missiles
 b - a stone (quivered)
 n - a throwing net
Armour
 f - a +0 robe (worn)
 j - a +0 ring mail
 l - a +0 ring mail
Jewellery
 m - a +4 ring of intelligence (left hand)
Potions
 e - a potion of brilliance {unknown}
 h - a potion of haste {unknown}
 k - a potion of curing {unknown}
Books
 c - a book of Geomancy

   Spells                             Type                      Level
   a - Sandblast                      Earth                        1
   b - Passwall                       Transmutation/Earth          2
   c - Stone Arrow                    Conjuration/Earth            3
   d - Petrify                        Transmutation/Earth          4
   e - Lee's Rapid Deconstruction     Earth                        5
Comestibles
 d - 2 bread rations
 g - a meat ration
 i - 2 chunks of flesh


   Skills:
 + Level 3.0 Fighting
 - Level 1.3 Dodging
 - Level 1.2 Stealth
 - Level 1.5 Spellcasting
 - Level 0.8 Transmutations
 - Level 2.6 Earth Magic


You had 2 spell levels left.
You knew the following spells:

 Your Spells              Type           Power        Failure   Level  Hunger
w - Passwall              Trmt/Erth      #.........   14%         2    ###....
x - Sandblast             Erth           ##....       8%          1    ##.....


Dungeon Overview and Level Annotations

Branches:
Dungeon (2/15)

Altars:


Innate Abilities, Weirdness & Mutations

You have hooves in place of feet.
Armour fits poorly on your strangely shaped body.
You cover ground very quickly.
You have extremely tough skin (AC +3).


Message History

You kill the rat!
b - 5 stones (in hand)
You see here a rat corpse.
Casting: Sandblast
Confirm with . or Enter, or press ? or * to list all spells.
Aiming: Sandblast
Press: ? - help, Shift-Dir - straight line, f - worm
Aim: a worm The rocky blast hits the worm.
The worm is lightly wounded.
Casting: Sandblast
Confirm with . or Enter, or press ? or * to list all spells.
Aiming: Sandblast
Press: ? - help, Shift-Dir - straight line, f/p - worm
Aim: a worm (lightly wounded)
The rocky blast hits the worm.
The worm is moderately wounded.
Casting: Sandblast
Confirm with . or Enter, or press ? or * to list all spells.
Aiming: Sandblast
Press: ? - help, Shift-Dir - straight line, f/p - worm
Aim: a worm (moderately wounded)
The rocky blast hits the worm.
The worm is heavily wounded.
Casting: Sandblast
Confirm with . or Enter, or press ? or * to list all spells.
Aiming: Sandblast
Press: ? - help, Shift-Dir - straight line, f/p - worm
Aim: a worm (heavily wounded)
The rocky blast hits the worm.
The worm is severely wounded.
a - a +0 short sword (weapon)
You barely miss the worm. Your kick misses the worm.
The worm is heavily wounded.
The worm bites you!
* * * LOW HITPOINT WARNING * * *
You hit the worm. You kick the worm, but do no damage.
The worm is severely wounded.
The worm bites you!
You die...

#...... #.....
##.... #.>..#
#..### #....#
#.##.# #w##.####.#
. #@##......#
...#####.##..###.#
#.......##...##
#####..####.รท.#
#..##...#...#
###..##.##..#.#
##...........#..#
####..#....####.#
.#
#.........<####..
#


You could see a worm.

Vanquished Creatures
  An adder (D:2)
  3 giant geckos (D:1)
  2 giant cockroaches (D:2)
  3 hobgoblins (D:1)
  7 jackals (D:1)
  A quokka (D:1)
  2 giant newts (D:1)
  3 goblins (D:1)
  A kobold (D:1)
  2 rats
25 creatures vanquished.

Notes
Turn   | Place    | Note
--------------------------------------------------------------
     0 | D:1      | glosham the Centaur Earth Elementalist began the quest for the Orb.
     0 | D:1      | Reached XP level 1. HP: 14/14 MP: 3/3
    64 | D:1      | Reached skill level 1 in Fighting
   125 | D:1      | HP: 1/16 [giant gecko (4)]
   243 | D:1      | Reached XP level 2. HP: 8/24 MP: 1/4
   282 | D:1      | Reached skill level 2 in Fighting
   621 | D:1      | Learned a level 2 spell: Passwall
   630 | D:2      | Reached XP level 3. HP: 10/30 MP: 5/5
   643 | D:2      | Reached skill level 3 in Fighting
   676 | D:2      | HP: 2/31 [worm (7)]
   677 | D:2      | Slain by a worm

Skill      XL: |  1  2  3 |
---------------+----------+-----
Fighting       | 1 2 3 |  3.0
Dodging        | |  1.3
Stealth        | |  1.2
Spellcasting   | |  1.5
Transmutations | |  0.8
Earth Magic    | |  2.6

Action                   || total
-------------------------++-------
Melee: Club              ||    11
       Kick              ||    17
       Short sword       ||    72
 Cast: Sandblast         ||    20
  Use: Scroll            ||     1
Armor: Robe              ||    33
Dodge: Dodged            ||    38

Table legend:
 A = Turns spent in this place as a percentage of turns spent in the entire game.
 B = Non-inter-level travel turns spent in this place as a percentage of non-inter-level travel turns spent in the entire game.
 C = Inter-level travel turns spent in this place as a percentage of turns spent in this place.
 D = Turns resting spent in this place as a percentage of non-inter-level travel turns spent in this place.
 E = Turns spent auto-exploring this place as a percentage of non-inter-level travel turns spent in this place.
 F = Non-inter-level travel turns spent in this place divided by the number of levels of this place that you've seen.
                   A       B       C       D       E      F
               +-------+-------+-------+-------+-------+----------------------
         Total | 100.0 | 100.0 |   0.0 |   0.4 |   0.2 | 270.5
       Dungeon | 100.0 | 100.0 |   0.0 |   0.4 |   0.2 | 270.5
               +-------+-------+-------+-------+-------+----------------------

Table legend:
 A = Kills in this place as a percentage of kills in entire the game.
 B = Kills by you in this place as a percentage of kills by you in the entire game.
 C = Kills by friends in this place as a percentage of kills by friends in the entire game.
 D = Other kills in this place as a percentage of other kills in the entire game.
 E = Experience gained in this place as a percentage of experience gained in the entire game.
 F = Experience gained in this place divided by the number of levels of this place that you have seen.
                   A       B       C       D       E      F
               +-------+-------+-------+-------+-------+----------------------
         Total | 100.0 | 100.0 |  -nan |  -nan | 100.0 |  29.0
       Dungeon | 100.0 | 100.0 |  -nan |  -nan | 100.0 |  29.0
               +-------+-------+-------+-------+-------+----------------------

Vault maps used:
D:1:      tarquinn_simple_flora_water_f
D:2:      overflow_temple_1_default, nicolae_ashenzari_panopticon, uniq_natasha
